 Dungeon Crawl Stone Soup version 0.30.1-11-g7821555f0a (webtiles) character file.

Game seed: 16647864811775826886

56 comborobin the Chopper (level 3, -5/31 HPs)
             Began as a Hill Orc Delver on Dec 24, 2023.
             Killed by divine providence
             ... invoked by an orc priest
              (8 damage)
             ... on level 3 of the Dungeon.
             The game lasted 00:02:04 (1612 turns).

comborobin the Chopper (Hill Orc Delver)            Turns: 1612, Time: 00:02:05

Health: -5/31      AC:  5    Str: 16    XL:     3   Next: 97%
Magic:  3/3        EV: 10    Int: 10    God:
Gold:   61         SH:  0    Dex: 12    Spells: 2/2 levels left

rFire   . . .        a - +1 war axe (flame)
rCold   . . .        (no shield)
rNeg    . . .        i - +0 ring mail
rPois   .            (no helmet)
rElec   .            (no cloak)
rCorr   .            (no gloves)
SInv    .            (no boots)
Will    .....        (no amulet)
Stlth   ++           (no ring)
HPRegen 0.25/turn    (no ring)
MPRegen 0.08/turn

%: no passive effects
@: flying
A: no striking features
a: Convert to Beogh


You were on level 3 of the Dungeon.
You visited 1 branch of the dungeon, and saw 4 of its levels.

You collected 61 gold pieces.

Inventory:

Hand Weapons
 a - a +1 war axe of flaming (weapon)
Missiles
 d - 3 boomerangs of dispersal (quivered)
Armour
 b - a +0 leather armour
 i - a +0 ring mail (worn)
Jewellery
 h - a ring of ice
Wands
 g - a wand of digging (2)
 l - a wand of charming (4)
Scrolls
 c - a scroll of fog
 n - a scroll of noise
Potions
 f - a potion of haste
 j - a potion of flight
 k - a potion of brilliance


   Skills:
 - Level 3.6 Fighting
 + Level 5.5 Axes
 - Level 1.5 Dodging
 - Level 4.1 Stealth


You had 2 spell levels left.
You didn't know any spells.
Your spell library was empty.

Dungeon Overview and Level Annotations

Branches:
Dungeon (6/15)
 Temple: D:4-7

Altars:
Kikubaaqudgha
Nemelex Xobeh
Zin

Annotations:
D:4 exclusion: scorpion


Message History

You slash the ball python! You burn the ball python.
You kill the ball python!
You barely miss the orc priest.
The orc priest hits you with a +0 dagger.
You slash the orc priest! You burn the orc priest.
Your punch misses the orc priest.
The orc priest is severely wounded.
The orc priest hits you with a +0 dagger.
The orc priest threatens, "By the altar or by the axe, you will meet Beogh!"
The orc priest hits you with a +0 dagger.
The orc priest shouts!
You hit the orc priest. You burn the orc priest.
The orc priest is almost dead.
The orc priest hits you but does no damage.
The orc priest looks encouraged for a moment.
You completely miss the orc priest.
The orc priest is almost dead.
The orc priest closely misses you.
The orc priest calls down the wrath of Beogh upon you.
Beogh smites you!
* * * LOW HITPOINT WARNING * * *
The orc priest mumbles some strange prayers to Beogh against you.
Pain shoots through your body!
* * * LOW HITPOINT WARNING * * *
The orc priest calls upon Beogh to heal the orc priest.
The orc priest is healed somewhat.
You climb upwards.
There is a stone staircase leading down here.
You barely miss the orc priest.
The orc priest is heavily wounded.
The orc priest hits you with a +0 dagger.
* * * LOW HITPOINT WARNING * * *
Okay, then.
It was a potion of flight.
You feel very buoyant.
You fly up into the air.
The orc priest barely misses you.
It was a potion of magic.
Magic courses through your body.
The orc priest mumbles some strange prayers to Beogh against you.
Beogh smites you!
You die...

#### #........## ...# #.######...
##.### #.# #.#. .....# ##'## #.#.
##.#.# ##### #...# #.#. .#.#.#
#...# #...# #.#. .#.#.#
#...########...#####.#.
.#.#.######......).............#.
................@.......#####..#.
.#.#.#########.o...##########..#.
.#.#.# #...........#.......
.#.#.# #......###.##.#####.
.#.#.# ###..#.# #.##.# #.
.#.#.######## #.....###.##.# #.
.#.#.##.....# #.~~~...#.##.# #.
.....##.....###.~_~.....##.# #.
##...##.....##..~~~.#....#.# #.


You could see an orc priest.

Vanquished Creatures
  2 adders (D:3)
  A dart slug (D:3)
  4 orcs
  A bat (D:3)
  2 endoplasms
  4 goblins
  5 hobgoblins
  2 jackals
  5 ball pythons
  A frilled lizard (D:3)
  A kobold (D:3)
  2 rats (D:3)
30 creatures vanquished.

Notes
Turn   | Place    | Note
-------+----------+-------------------------------------------
     0 | D:5      | comborobin the Hill Orc Delver began the quest for the Orb.
     0 | D:5      | Reached XP level 1. HP: 19/19 MP: 1/1
     4 | D:5      | Noticed a hound
   103 | D:4      | Noticed a scorpion
   132 | D:4      | Reached skill level 3 in Axes
   165 | D:4      | Noticed a sky beast
   175 | D:4      | Noticed an orc priest
   182 | D:4      | Noticed an orc priest
   189 | D:3      | Found a faded altar of an unknown god.
   280 | D:3      | Reached XP level 2. HP: 24/26 MP: 2/2
   306 | D:3      | Found a glowing silver altar of Zin.
   401 | D:3      | Reached skill level 4 in Axes
   512 | D:3      | Reached XP level 3. HP: 23/31 MP: 3/3
   610 | D:3      | Found a sparkling altar of Nemelex Xobeh.
  1079 | D:3      | Reached skill level 5 in Axes
  1174 | D:3      | Found an ancient bone altar of Kikubaaqudgha.
  1612 | D:3      | Killed from afar by an orc priest

Illustrated notes

Levels and vault maps discovered:
D:3:      layout_basic, nemelex_spade_bored_becter, lemuel_tele_altar,
          mainiacjoe_overflow_boulevard,
          hellmonk_ecumenical_altar_pennies_from_heaven, grunt_ministairs_3
D:4:      layout_basic
D:5:      layout_rooms
D:6:      layout_cave_pools, minmay_temple_entry_oklob, uniq_sigmund,
          uniq_duvessa, uniq_edmund

Skill      XL: |  1  2  3 |
---------------+----------+-----
Axes           | 3 4 5 |  5.5
Fighting       | |  3.6
Dodging        | |  1.5
Stealth        | |  4.1

Action                     || total
---------------------------++-------
  Melee: Hand axe          ||    55
         Punch             ||     1
         War axe           ||    44
  Evoke: Wand              ||     2
    Use: Scroll            ||     4
         Potion            ||     2
   Stab: Sleeping          ||     5
 Armour: Ring mail         ||    40
  Dodge: Dodged            ||    72
